TOP OF THE 1ST |
Evanston Elitists batting - Pitching for Cincinnati Pride : RHP Armando Rocha
|
Pitching: RHP Armando Rocha
|
|
Batting: LHB Luis Rodríguez
|
0-0: DOUBLE (Line Drive, 8RM)
|
Batting: SHB Jacob Wilcox
|
0-0: Foul Ball, location: 2F 0-1: Swinging Strike 0-2: Ball 1-2: Strikes out looking
|
Batting: RHB Jorge Calderón
|
0-0: Ball 1-0: SINGLE (Groundball, 6) (infield hit) Luis Rodríguez to third
|
Batting: RHB Henry Morris
|
0-0: Foul Ball, location: 2F 0-1: Ball 1-1: Foul Ball, location: 2F 1-2: Ball 2-2: Ball 3-2: SINGLE (Flyball, 7S) Luis Rodríguez scores Jorge Calderón to second
|
Batting: LHB Ronald Gordon
|
0-0: Called Strike 0-1: Foul Ball, location: 2F 0-2: Foul Ball, location: 2F 0-2: Ball 1-2: Foul Ball, location: 2F 1-2: Foul Ball, location: 2F 1-2: Ball 2-2: Strikes out looking
|
Batting: LHB Alberto Varela
|
0-0: Fielders Choice at 2nd, 5-4 (Groundball, 5)
|
Top of the 1st over - 1 run(s), 3 hit(s), 0 error(s), 1 left on base; Evanston 1 - Cincinnati 0 |
BOTTOM OF THE 1ST |
Cincinnati Pride batting - Pitching for Evanston Elitists : RHP Luis Castillo
|
Pitching: RHP Luis Castillo
|
|
Batting: SHB Jaime Martínez
|
0-0: Ball 1-0: Foul Ball, location: 2F 1-1: Foul Ball, location: 2F 1-2: Strikes out swinging
|
Batting: LHB Paco Córdova
|
0-0: Called Strike 0-1: Swinging Strike 0-2: Ground out 4-3 (Groundball, 4)
|
Batting: LHB John Clark
|
0-0: Called Strike 0-1: Ball 1-1: Swinging Strike 1-2: Ground out 1-3 (Groundball, 13S)
|
Bottom of the 1st over - 0 run(s), 0 hit(s), 0 error(s), 0 left on base; Evanston 1 - Cincinnati 0 |
TOP OF THE 2ND |
Evanston Elitists batting - Pitching for Cincinnati Pride : RHP Armando Rocha
|
Batting: RHB Miguel Toro
|
0-0: Ball 1-0: Ball 2-0: Called Strike 2-1: Called Strike 2-2: Foul Ball, location: 2F 2-2: Fly out, F7 (Flyball, 7)
|
Batting: RHB Ron Newcombe
|
0-0: Ball 1-0: Swinging Strike 1-1: Swinging Strike 1-2: Ball 2-2: Strikes out swinging
|
Batting: LHB Jean-Sébastien Beaudin
|
0-0: Ball 1-0: Foul Ball, location: 2F 1-1: Foul Ball, location: 2F 1-2: Ball 2-2: Foul Ball, location: 2F 2-2: SINGLE (Line Drive, 34)
|
Batting: LHB Luis Rodríguez
|
0-0: Ball Jean-Sébastien Beaudin steals 2nd base 1-0: Ball 2-0: Ball 3-0: Called Strike 3-1: DOUBLE (Line Drive, 7D) Jean-Sébastien Beaudin scores
|
Batting: SHB Jacob Wilcox
|
0-0: Ball 1-0: Foul Ball, location: 2F 1-1: Ball 2-1: Foul Ball, location: 2F 2-2: Strikes out swinging
|
Top of the 2nd over - 1 run(s), 2 hit(s), 0 error(s), 1 left on base; Evanston 2 - Cincinnati 0 |
BOTTOM OF THE 2ND |
Cincinnati Pride batting - Pitching for Evanston Elitists : RHP Luis Castillo
|
Batting: LHB Ángel Tuzzi
|
0-0: Swinging Strike 0-1: Called Strike 0-2: Strikes out swinging
|
Batting: RHB Bartolo Montero
|
0-0: Ball 1-0: Ground out 4-3 (Groundball, 4)
|
Batting: RHB Keith Sheehan
|
0-0: Swinging Strike 0-1: Foul Ball, location: 2F 0-2: Strikes out swinging
|
Bottom of the 2nd over - 0 run(s), 0 hit(s), 0 error(s), 0 left on base; Evanston 2 - Cincinnati 0 |
TOP OF THE 3RD |
Evanston Elitists batting - Pitching for Cincinnati Pride : RHP Armando Rocha
|
Batting: RHB Jorge Calderón
|
0-0: Ball 1-0: SINGLE (Groundball, 25) (infield hit)
|
Batting: RHB Henry Morris
|
0-0: Ball 1-0: Swinging Strike 1-1: Ball 2-1: SINGLE (Line Drive, 7S) Jorge Calderón to second
|
Batting: LHB Ronald Gordon
|
0-0: Ball 1-0: Called Strike 1-1: Ball 2-1: Foul Ball, location: 2F 2-2: Ball 3-2: Grounds into double play, 6-4-3 (Groundball, 6) Jorge Calderón to third
|
Batting: LHB Alberto Varela
|
0-0: Fly out, F8 (Line Drive, 8RM)
|
Top of the 3rd over - 0 run(s), 2 hit(s), 0 error(s), 1 left on base; Evanston 2 - Cincinnati 0 |
BOTTOM OF THE 3RD |
Cincinnati Pride batting - Pitching for Evanston Elitists : RHP Luis Castillo
|
Batting: LHB Iván Vázquez
|
0-0: Ball 1-0: Ground out 4-3 (Groundball, 4S)
|
Batting: RHB Pete Woods
|
0-0: Ball 1-0: Foul Ball, location: 2F 1-1: Ball 2-1: Ball 3-1: Base on Balls
|
Batting: RHB Dave Crawford
|
0-0: Called Strike 0-1: Called Strike 0-2: Foul Ball, location: 2F 0-2: Ball 1-2: Reached on error, E9 (Flyball, 9) Pete Woods to second
|
Batting: SHB Jaime Martínez
|
0-0: Grounds into double play, 4-6-3 (Groundball, 34)
|
Bottom of the 3rd over - 0 run(s), 0 hit(s), 1 error(s), 1 left on base; Evanston 2 - Cincinnati 0 |
TOP OF THE 4TH |
Evanston Elitists batting - Pitching for Cincinnati Pride : RHP Armando Rocha
|
Batting: RHB Miguel Toro
|
0-0: Ball 1-0: Ball 2-0: Foul Ball, location: 2F 2-1: Ground out 5-3 (Groundball, 56)
|
Batting: RHB Ron Newcombe
|
0-0: Called Strike 0-1: Ball 1-1: Fly out, F4 (Popup, 4D)
|
Batting: LHB Jean-Sébastien Beaudin
|
0-0: Called Strike 0-1: Swinging Strike 0-2: SOLO HOME RUN (Flyball, 9D), Distance : 401 ft
|
Batting: LHB Luis Rodríguez
|
0-0: Ball 1-0: Fly out, F9 (Flyball, 9S)
|
Top of the 4th over - 1 run(s), 1 hit(s), 0 error(s), 0 left on base; Evanston 3 - Cincinnati 0 |
BOTTOM OF THE 4TH |
Cincinnati Pride batting - Pitching for Evanston Elitists : RHP Luis Castillo
|
Batting: LHB Paco Córdova
|
0-0: Called Strike 0-1: Ball 1-1: Swinging Strike 1-2: Ball 2-2: Ball 3-2: Reached on error, E6 (Popup, 6D)
|
Batting: LHB John Clark
|
0-0: SINGLE (Line Drive, 7LS) Paco Córdova to second
|
Batting: LHB Ángel Tuzzi
|
0-0: Swinging Strike 0-1: Ball 1-1: Called Strike 1-2: Ball 2-2: Foul Ball, location: 2F 2-2: Ball 3-2: Foul Ball, location: 2F 3-2: Foul Ball, location: 2F 3-2: Base on Balls Paco Córdova to third John Clark to second
|
Batting: RHB Bartolo Montero
|
0-0: Ball 1-0: Fly out, F9 (Flyball, 9LMF) Runner from 3rd tags up, SCORES, no throw
|
Batting: RHB Keith Sheehan
|
0-0: Fly out, F3 (Popup, 34)
|
Batting: LHB Iván Vázquez
|
0-0: Fly out, F9 (Flyball, 89M)
|
Bottom of the 4th over - 1 run(s), 1 hit(s), 1 error(s), 2 left on base; Evanston 3 - Cincinnati 1 |
TOP OF THE 5TH |
Evanston Elitists batting - Pitching for Cincinnati Pride : RHP Armando Rocha
|
Batting: SHB Jacob Wilcox
|
0-0: Called Strike 0-1: Ball 1-1: Ball 2-1: SINGLE (Groundball, 34S) (infield hit)
|
Batting: RHB Jorge Calderón
|
0-0: Ball Jacob Wilcox is caught stealing 2nd base 1-0: DOUBLE (Flyball, 8RXD)
|
Batting: RHB Henry Morris
|
0-0: Swinging Strike 0-1: Called Strike 0-2: Ball 1-2: Ball 2-2: Ball 3-2: Base on Balls
|
Pitching: RHP Pedro Ayala
|
|
Batting: LHB Ronald Gordon
|
0-0: Called Strike 0-1: Foul Ball, location: 2F 0-2: Ball 1-2: Ball 2-2: Strikes out swinging
|
Batting: LHB Alberto Varela
|
0-0: Ball 1-0: SINGLE (Line Drive, 9S) Jorge Calderón to third Henry Morris to second Runner from 3rd tries for Home, SAFE, no throw
|
Batting: RHB Miguel Toro
|
0-0: Swinging Strike 0-1: Swinging Strike 0-2: Ball 1-2: Ball 2-2: Foul Ball, location: 2F 2-2: Strikes out swinging
|
Top of the 5th over - 1 run(s), 3 hit(s), 0 error(s), 2 left on base; Evanston 4 - Cincinnati 1 |
BOTTOM OF THE 5TH |
Cincinnati Pride batting - Pitching for Evanston Elitists : RHP Luis Castillo
|
Batting: RHB Pete Woods
|
0-0: Ball 1-0: Foul Ball, location: 2F 1-1: Ball 2-1: Swinging Strike 2-2: Ball 3-2: Base on Balls
|
Batting: RHB Dave Crawford
|
0-0: Ball 1-0: Ball 2-0: SINGLE (Groundball, 5D) Pete Woods to second
|
Batting: SHB Jaime Martínez
|
0-0: Called Strike 0-1: Ball 1-1: Swinging Strike 1-2: SINGLE (Line Drive, 8LS) Pete Woods to third Dave Crawford to second
|
Batting: LHB Paco Córdova
|
0-0: Called Strike 0-1: Ball 1-1: Ball 2-1: Fly out, F8 (Flyball, 8LM) Runner from 3rd tags up, SCORES, throw made
|
Batting: LHB John Clark
|
0-0: Ball 1-0: Called Strike 1-1: Ball 2-1: 3-RUN HOME RUN (Flyball, 78XD), Distance : 415 ft
|
Batting: LHB Ángel Tuzzi
|
0-0: Ground out 3-1 (Groundball, 34)
|
Batting: RHB Bartolo Montero
|
0-0: Single, Error in OF, E8, batter to second base
|
Batting: RHB Keith Sheehan
|
0-0: Ball 1-0: Ball 2-0: Ball 3-0: Called Strike 3-1: Foul Ball, location: 2F 3-2: Foul Ball, location: 2F 3-2: Foul Ball, location: 2F 3-2: SINGLE (Groundball, 4MD) Bartolo Montero to third Bartolo Montero scores
|
Batting: LHB Iván Vázquez
|
0-0: Fly out, F8 (Flyball, 8LM)
|
Bottom of the 5th over - 5 run(s), 5 hit(s), 1 error(s), 1 left on base; Evanston 4 - Cincinnati 6 |
TOP OF THE 6TH |
Evanston Elitists batting - Pitching for Cincinnati Pride : RHP Pedro Ayala
|
Batting: RHB Ron Newcombe
|
0-0: Ball 1-0: Bunt missed! 1-1: Foul Ball, location: 2F 1-2: Foul Ball, location: 2F 1-2: Strikes out swinging, 2-3 out at first.
|
Batting: LHB Jean-Sébastien Beaudin
|
0-0: Foul Ball, location: 2F 0-1: Ball 1-1: Foul Ball, location: 2F 1-2: Foul Ball, location: 2F 1-2: Foul Ball, location: 2F 1-2: Ball 2-2: Foul Ball, location: 2F 2-2: Ball 3-2: Strikes out swinging
|
Batting: LHB Luis Rodríguez
|
0-0: Hit by Pitch
|
Batting: SHB Jacob Wilcox
|
0-0: Ball 1-0: Called Strike 1-1: SINGLE (Line Drive, 7S) Luis Rodríguez to second
|
Batting: RHB Jorge Calderón
|
0-0: Foul Ball, location: 2F 0-1: SINGLE (Line Drive, 4MD) Luis Rodríguez to third Jacob Wilcox to second Runner from 3rd tries for Home, SAFE, throw made at trailing runner, OUT at third!
|
Top of the 6th over - 1 run(s), 2 hit(s), 0 error(s), 1 left on base; Evanston 5 - Cincinnati 6 |
BOTTOM OF THE 6TH |
Cincinnati Pride batting - Pitching for Evanston Elitists : RHP Luis Castillo
|
Batting: RHB Pete Woods
|
0-0: Called Strike 0-1: Swinging Strike 0-2: Strikes out swinging
|
Pitching: LHP Gregory Thompson
|
|
Batting: RHB Dave Crawford
|
0-0: Ball 1-0: Ball 2-0: Ball 3-0: Called Strike 3-1: Swinging Strike 3-2: Strikes out looking
|
Batting: SHB Jaime Martínez
|
0-0: Called Strike 0-1: Ball 1-1: Ball 2-1: Called Strike 2-2: Ground out 5-3 (Groundball, 5S)
|
Bottom of the 6th over - 0 run(s), 0 hit(s), 0 error(s), 0 left on base; Evanston 5 - Cincinnati 6 |
TOP OF THE 7TH |
Evanston Elitists batting - Pitching for Cincinnati Pride : RHP Pedro Ayala
|
Batting: RHB Henry Morris
|
0-0: Foul Ball, location: 2F 0-1: Fly out, F8 (Flyball, 8RS)
|
Batting: LHB Ronald Gordon
|
0-0: Called Strike 0-1: Foul Ball, location: 2F 0-2: Ball 1-2: Foul Ball, location: 2F 1-2: Strikes out swinging
|
Batting: LHB Alberto Varela
|
0-0: Foul Ball, location: 2F 0-1: Ball 1-1: Swinging Strike 1-2: Foul Ball, location: 2F 1-2: Ground out U3 (Groundball, 3)
|
Top of the 7th over - 0 run(s), 0 hit(s), 0 error(s), 0 left on base; Evanston 5 - Cincinnati 6 |
BOTTOM OF THE 7TH |
Cincinnati Pride batting - Pitching for Evanston Elitists : LHP Gregory Thompson
|
Batting: LHB Paco Córdova
|
0-0: Ball 1-0: Foul Ball, location: 2F 1-1: Ball 2-1: Ball 3-1: Called Strike 3-2: Fly out, F7 (Flyball, 7LM)
|
Batting: LHB John Clark
|
0-0: Ball 1-0: Called Strike 1-1: Ball 2-1: Swinging Strike 2-2: Foul Ball, location: 2F 2-2: Foul Ball, location: 2F 2-2: Ground out 4-3 (Groundball, 4)
|
Batting: LHB Ángel Tuzzi
|
0-0: Ground out 5-3 (Groundball, 56)
|
Bottom of the 7th over - 0 run(s), 0 hit(s), 0 error(s), 0 left on base; Evanston 5 - Cincinnati 6 |
TOP OF THE 8TH |
Evanston Elitists batting - Pitching for Cincinnati Pride : RHP Pedro Ayala
|
Pitching: RHP Orlando Martínez
|
|
Now in LF: José Antonio Delgado
|
|
Batting: RHB Miguel Toro
|
0-0: SINGLE (Groundball, 56D)
|
Batting: RHB Ron Newcombe
|
0-0: Swinging Strike 0-1: Ball 1-1: Ball 2-1: Sac Bunt - play at first, batter safe! Miguel Toro to second
|
Pitching: LHP Ángel Árias
|
|
Pinch Hitting: LHB Javier Mejía
|
0-0: Fly out, F8 (Flyball, 89M)
|
Batting: LHB Luis Rodríguez
|
0-0: Ball 1-0: Swinging Strike 1-1: Swinging Strike 1-2: Strikes out swinging
|
Batting: SHB Jacob Wilcox
|
0-0: Called Strike 0-1: Swinging Strike 0-2: Strikes out swinging
|
Top of the 8th over - 0 run(s), 2 hit(s), 0 error(s), 2 left on base; Evanston 5 - Cincinnati 6 |
BOTTOM OF THE 8TH |
Cincinnati Pride batting - Pitching for Evanston Elitists : LHP Gregory Thompson
|
Now in LF: Javier Mejía
|
|
Batting: RHB Bartolo Montero
|
0-0: Ball 1-0: SINGLE (Groundball, 56D)
|
Batting: RHB Keith Sheehan
|
0-0: Ball 1-0: Bunted foul 1-1: Bunted foul 1-2: Ball 2-2: Hit by Pitch Bartolo Montero to second
|
Pinch Hitting: RHB Álex Hernández
|
0-0: Called Strike 0-1: Bunted foul 0-2: Ball 1-2: Foul Ball, location: 2F 1-2: DOUBLE (Flyball, 89XD) Bartolo Montero scores Keith Sheehan to third
|
Pinch Hitting: RHB Jorge Silva
|
0-0: Intentional Walk
|
Pitching: RHP José Padilla
|
|
Pinch Hitting: RHB George Martin
|
0-0: SINGLE (Line Drive, 8LS) Keith Sheehan scores Álex Hernández to third Jorge Silva to second
|
Pinch Hitting: RHB Roger Rush
|
0-0: Ball 1-0: Ball 2-0: Foul Ball, location: 2F 2-1: Foul Ball, location: 2F 2-2: Foul Ball, location: 2F 2-2: Foul Ball, location: 2F 2-2: Strikes out swinging
|
Pitching: LHP Wilson Ramos
|
|
Pinch Hitting: RHB Francisco Domínguez
|
0-0: Ball 1-0: Ball 2-0: Foul Ball, location: 2F 2-1: Fly out, F6 (Popup, 56D)
|
Batting: RHB José Antonio Delgado
|
0-0: Swinging Strike 0-1: Ball 1-1: Swinging Strike 1-2: Foul Ball, location: 2F 1-2: Ball 2-2: Strikes out swinging
|
Bottom of the 8th over - 2 run(s), 3 hit(s), 0 error(s), 3 left on base; Evanston 5 - Cincinnati 8 |
|